 Dungeon Crawl Stone Soup version 0.32-a0-19-g28bc0835a1 (webtiles) character file.

Game seed: 1602683712333317490

15638 Revguard the Fighter (level 12, -8/111 HPs)
             Began as a Hill Orc Fighter on Jan 17, 2024.
             Was an Elder of Beogh.
             Mangled by Snorg (20 damage)
             ... on level 13 of the Dungeon.
             The game lasted 00:25:41 (11878 turns).

Revguard the Fighter (Hill Orc Fighter)            Turns: 11878, Time: 00:25:41

Health: -8/111     AC: 20    Str: 32    XL:     12   Next: 29%
Magic:  18/18      EV: 11    Int:  7    God:    Beogh [****..]
Gold:   630        SH: 11    Dex: 11    Spells: 11/11 levels left

rFire   . . .        g - +4 war axe
rCold   . . .        D - +0 kite shield
rNeg    + . .        u - +0 pearl dragon scales
rPois   .            (helmet restricted)
rElec   .            k - +0 cloak
rCorr   .            z - +0 pair of gloves {hurl}
SInv    .            (no boots)
Will    .....        (no amulet) Stlth
                     m - +4 ring of protection
HPRegen 0.38/turn    f - +6 ring of strength
MPRegen 0.16/turn

%: no passive effects
@: no status effects
A: antennae 1, claws 1, strong 1, wild magic 1
a: Renounce Religion, Smiting, Recall Orcish Followers


You were on level 13 of the Dungeon.
You worshipped Beogh.
Beogh was greatly pleased with you.
You visited 2 branches of the dungeon, and saw 14 of its levels.

You collected 798 gold pieces.
You spent 168 gold pieces at shops.

Inventory:

Hand Weapons
 g - a +4 war axe (weapon)
 n - a +5 flail
 F - a +1 scimitar of flaming
 R - a +2 halberd of venom
 S - the +7 long sword of Sumifol {venom, rPois}
   (You found it on level 11 of the Dungeon)

   rPois:     It protects you from poison
Armour
 c - a +0 buckler
 d - a +2 helmet
 k - a +0 cloak (worn)
 u - +0 pearl dragon scales (worn)
 z - a +0 pair of gloves of hurling (worn)
 D - a +0 kite shield (worn)
Jewellery
 a - a ring of protection from cold
 e - a ring of fire
 f - a +6 ring of strength (right hand)
 m - a +4 ring of protection (left hand)
 v - an amulet of faith
 y - a +6 ring of strength
 K - a ring of see invisible
 M - a ring of protection from cold
 N - a ring of flight
 O - an amulet of magic regeneration
Wands
 b - a wand of quicksilver (3)
 h - a wand of mindburst (11)
 E - a wand of flame (19)
 Q - a wand of paralysis (4)
Scrolls
 i - 2 scrolls of fog
 p - 2 scrolls of teleportation
 q - 2 scrolls of silence
 w - a scroll of vulnerability
 x - 2 scrolls of poison
 H - 5 scrolls of identify
 P - a scroll of enchant weapon
Potions
 j - a potion of haste
 l - 2 potions of brilliance
 o - a potion of invisibility
 r - 2 potions of attraction
 t - 4 potions of curing
 A - a potion of resistance
 B - 2 potions of ambrosia
 C - a potion of mutation
 G - a potion of lignification
 I - a potion of might


   Skills:
 * Level 11.6 Fighting
 + Level 9.4 Axes
 + Level 7.9 Armour
 + Level 5.3 Dodging
 * Level 10.7 Shields
 + Level 8.5 Invocations
 + Level 6.5 Evocations


You had 11 spell levels left.
You didn't know any spells.
Your spell library contained the following spells:

 Spells                   Type           Power      Damage    Failure   Level
 Apportation              Tloc           0%         N/A       88%         1
 Magic Dart               Conj           0%         1d3       88%         1
 Necrotise                Necr           0%         1d4       88%         1
 Slow                     Hex            0%         N/A       88%         1
 Sting                    Conj/Alch      0%         1d3       88%         1
 Summon Small Mammal      Summ           0%         N/A       88%         1
 Mercury Vapours          Alch/Air       0%         N/A       95%         2
 Searing Ray              Conj           0%         2d4       95%         2
 Static Discharge         Conj/Air       0%         3-3/arc   95%         2
 Call Canine Familiar     Summ           0%         N/A       99%         3
 Confusing Touch          Hex            0%         N/A       99%         3
 Sigil of Binding         Hex            0%         N/A       99%         3
 Vampiric Draining        Necr           0%         2d6       99%         3
 Airstrike                Air            0%         2d(0-16)  100%        4
 Brom's Barrelling Bould  Conj/Erth      0%         2d3       100%        4
 Dimensional Bullseye     Hex/Tloc       0%         N/A       100%        4
 Fulminant Prism          Conj/Alch      0%         3d5       100%        4
 Manifold Assault         Tloc           0%         N/A       100%        4
 Olgreb's Toxic Radiance  Alch           0%         N/A       100%        4
 Summon Lightning Spire   Summ/Air       0%         N/A       100%        4
 Fireball                 Conj/Fire      0%         3d3       100%        5
 Iskenderun's Battlesphe  Conj           0%         2d6       100%        5
 Conjure Ball Lightning   Conj/Air       0%         3x3d6     100%        6
 Dispersal                Tloc           0%         N/A       100%        6
 Orb of Destruction       Conj           0%         9d5       100%        7
 Disjunction              Tloc           0%         N/A       100%        8


Dungeon Overview and Level Annotations

Branches:
Dungeon (13/15)            Temple (1/1) D:5            Lair (0/5) D:9
    Orc (0/2) D:11
 Vaults: D:13-14

Altars:
Ashenzari
Cheibriados
Dithmenos
Elyvilon
Fedhas
Gozag
Hepliaklqana
Kikubaaqudgha
Makhleb
Nemelex Xobeh
Okawaru
Qazlal
Ru
Sif Muna
Trog
Uskayaw
Vehumet
Wu Jian
Xom
Yredelemnul
Zin
The Shining One

Shops:
D:2 =   D:5 ?   D:8 *?

Annotations:
D:13 Snorg


Innate Abilities, Weirdness & Mutations

You have a pair of small antennae on your head.
You have sharp fingernails.
Your muscles are strong. (Str +4, Int/Dex -1)
Your spells are a little harder to cast, but a little more powerful.


Message History

Snorg claws you but does no damage. Snorg claws you!
Aiming: Mindburst
Press: ? - help, Shift-Dir - straight line, f/p - Snorg
Aim: Snorg (severely wounded, berserk, chance to affect: 54%) Snorg's mind is blasted!
You block Snorg's attack. Snorg claws you but does no damage.
Snorg barely misses you. x2
Snorg claws you! You block Snorg's attack.
Aiming: Mindburst
Press: ? - help, Shift-Dir - straight line, f/p - Snorg
Aim: Snorg (severely wounded, berserk, chance to affect: 54%) Snorg resists with significant effort.
Snorg bites you!! Snorg claws you. You block Snorg's attack.
You slash Snorg!
Snorg is almost dead.
You block Snorg's attack. Snorg claws you! You block Snorg's attack.
Snorg bites you! Snorg claws you but does no damage. Snorg claws you.
You closely miss Snorg.
Snorg is almost dead.
You block Snorg's attack. x3; Snorg closely misses you.
Snorg barely misses you. Snorg claws you.
* * * LOW HITPOINT WARNING * * *
You feel much better.
You block Snorg's attack. x2; Snorg claws you!!
Aiming: Mindburst
Press: ? - help, Shift-Dir - straight line, f/p - Snorg
Aim: Snorg (almost dead, berserk, chance to affect: 54%) Snorg resists with significant effort.
You block Snorg's attack. Snorg claws you!
* * * LOW HITPOINT WARNING * * *
You block Snorg's attack. Snorg bites you but does no damage.
Snorg claws you but does no damage. You block Snorg's attack.
Aiming: Mindburst
Press: ? - help, Shift-Dir - straight line, f/p - Snorg
Aim: Snorg (almost dead, berserk, chance to affect: 54%) Snorg's mind is blasted!
Snorg barely misses you. You block Snorg's attack. Snorg claws you!
* * * LOW HITPOINT WARNING * * *
Okay, then.
Okay, then.
You feel better. Snorg bites you!!
You die...

... .... ......
#. ....$# #.###
.....## ....##
......##
.....#+## #
#..T## ........#
#.#...@#
........#
#.#....+
........#
#......#
..†.....#
###...##
..)†....# #..##
.......<# #.##
........#####.##
..<............##
####.#######....#


You could see Snorg (berserk).

Vanquished Creatures
  2 two-headed ogres (D:9)
  Pikel (D:5)
  3 ugly things
  2 deep elf pyromancers (D:12)
  A manticore (D:12)
  Joseph (D:8)
  A gargoyle (D:12)
  An efreet (D:11)
  An unseen horror (D:11)
  3 trolls
  3 hornets
  Grinder (D:3)
  Prince Ribbit (D:6)
  A shadow (D:11)
  19 yaks
  A wyvern (D:10)
  2 steam dragons
  A fire bat (D:8)
  8 vampire mosquitoes
  2 acid dragons
  A sky beast (D:7)
  7 orc warriors
  2 black bears
  2 ogres
  4 centaurs
  2 phantoms
  4 lemures (D:5)
  4 kobold brigands
  3 gnoll sergeants
  2 scorpions
  A bullfrog (D:7)
  11 wights
  A howler monkey (D:4)
  2 bombardier beetles
  A gnoll bouda (D:7)
  6 orc priests
  Crazy Yiuf (D:6)
  A hound (D:7)
  An iguana (D:4)
  7 orc wizards
  16 gnolls
  7 adders
  2 white imps
  2 ufetubi (D:6)
  6 dart slugs
  A ribbon worm (D:3)
  21 orcs
  4 ball pythons
  4 endoplasms
  5 giant cockroaches
  10 goblins
  2 hobgoblins
  5 jackals (D:3)
  4 quokkas
  5 bats
  7 frilled lizards
  19 kobolds
  6 rats
244 creatures vanquished.

Vanquished Creatures (collateral kills)
  4 vampire mosquitoes
  An orc (D:12)
5 creatures vanquished.

Vanquished Creatures (others)
  An orc wizard (D:13)
  An orc warrior (D:11)
  An ogre (D:11)
  An orc (D:12)
  An adder (D:6)
  2 ufetubi (D:6)
7 creatures vanquished.

Grand Total: 256 creatures vanquished

Notes
Turn   | Place    | Note
-------+----------+-------------------------------------------
     0 | D:1      | Revguard the Hill Orc Fighter began the quest for the Orb.
     0 | D:1      | Reached XP level 1. HP: 19/19 MP: 1/1
    88 | D:1      | Reached XP level 2. HP: 22/27 MP: 2/2
   357 | D:1      | Reached skill level 4 in Fighting
   357 | D:1      | Reached XP level 3. HP: 28/33 MP: 3/3
   723 | D:2      | Reached skill level 1 in Invocations
  1108 | D:2      | Reached XP level 4. HP: 40/40 MP: 3/5
  1167 | D:2      | Reached skill level 1 in Evocations
  1485 | D:2      | Found Ynaqiufo's Jewellery Shoppe.
  1859 | D:3      | Found a hide-covered altar of Uskayaw.
  1901 | D:3      | Reached XP level 5. HP: 47/47 MP: 6/6
  1990 | D:3      | Noticed Grinder
  1990 | D:3      | Paralysed by Grinder for 4 turns
  2011 | D:3      | Killed Grinder
  2012 | D:3      | Reached skill level 5 in Fighting
  2012 | D:3      | Reached skill level 1 in Dodging
  2012 | D:3      | Reached XP level 6. HP: 56/56 MP: 7/7
  3074 | D:4      | Reached XP level 7. HP: 56/61 MP: 9/9
  3145 | D:4      | Found a bloodstained altar of Trog.
  3617 | D:5      | Entered Level 5 of the Dungeon
  3657 | D:5      | Reached skill level 5 in Shields
  3676 | D:5      | Noticed a hornet
  3689 | D:5      | Killed a hornet
  3744 | D:5      | Found an ornate altar of the Wu Jian Council.
  3860 | D:5      | Reached skill level 6 in Fighting
  3860 | D:5      | Reached XP level 8. HP: 53/70 MP: 10/10
  3935 | D:5      | Noticed Pikel
  3966 | D:5      | Killed Pikel
  3967 | D:5      | Reached skill level 5 in Axes
  4271 | D:5      | Found a staircase to the Ecumenical Temple.
  4278 | Temple   | Entered the Ecumenical Temple
  4466 | D:5      | Found Norucw's Magic Scroll Shop.
  4613 | D:6      | Found a stormy altar of Qazlal.
  4629 | D:6      | Reached skill level 5 in Armour
  4635 | D:6      | Reached skill level 7 in Fighting
  4638 | D:6      | HP: 2/73 [orc priest/divine providence (16)]
  4643 | D:6      | HP: 1/73 [orc warrior/arrow (3)]
  4655 | D:6      | Became a worshipper of Beogh the Brigand
  4866 | D:6      | Noticed Prince Ribbit
  4882 | D:6      | Killed Prince Ribbit
  4883 | D:6      | Reached XP level 9. HP: 66/79 MP: 12/12
  5306 | D:6      | Found a sparkling altar of Nemelex Xobeh.
  5464 | D:6      | Found a runed translucent door.
  5465 | D:6      | Noticed Crazy Yiuf
  5665 | D:6      | Killed Crazy Yiuf
  5666 | D:6      | Reached skill level 5 in Invocations
  5676 | D:6      | Gained mutation: You do not regenerate when monsters are
                  | visible. [potion of mutation]
  5676 | D:6      | Gained mutation: You have sharp fingernails. [potion of
                  | mutation]
  5677 | D:6      | Lost mutation: You do not regenerate when monsters are
                  | visible. [potion of mutation]
  5677 | D:6      | Lost mutation: You have sharp fingernails. [potion of
                  | mutation]
  5677 | D:6      | Gained mutation: Your movements are slightly less
                  | encumbered by armour. (ER -2) [potion of mutation]
  5677 | D:6      | Gained mutation: You have sharp toenails. [potion of
                  | mutation]
  5677 | D:6      | Gained mutation: You have a pair of small antennae on your
                  | head. [potion of mutation]
  5677 | D:6      | Gained mutation: Your spells are a little harder to cast,
                  | but a little more powerful. [potion of mutation]
  5678 | D:6      | Lost mutation: You have sharp toenails. [potion of
                  | mutation]
  5678 | D:6      | Lost mutation: Your movements are slightly less encumbered
                  | by armour. (ER -2) [potion of mutation]
  5678 | D:6      | Gained mutation: You have sharp fingernails. [potion of
                  | mutation]
  5678 | D:6      | Gained mutation: Your muscles are strong. (Str +4, Int/Dex
                  | -1) [potion of mutation]
  5949 | D:7      | Reached skill level 8 in Fighting
  6009 | D:7      | Reached * piety under Beogh
  6059 | D:7      | Reached XP level 10. HP: 37/90 MP: 14/14
  6579 | D:8      | Found Yfubisch's Magic Scroll Shop.
  6589 | D:8      | Bought a scroll of identify for 28 gold pieces
  6589 | D:8      | Bought a scroll of identify for 28 gold pieces
  6589 | D:8      | Bought a scroll of vulnerability for 56 gold pieces
  6589 | D:8      | Bought a scroll of poison for 56 gold pieces
  6605 | D:8      | Reached skill level 9 in Fighting
  6642 | D:8      | Noticed Joseph
  6655 | D:8      | Killed Joseph
  6673 | D:8      | Reached ** piety under Beogh
  6881 | D:8      | Found a shimmering altar of Xom.
  7037 | D:8      | Found Gozag's Platinum Reserve.
  7039 | D:8      | Found an opulent altar of Gozag.
  7129 | D:8      | Found a shimmering blue altar of Sif Muna.
  7297 | D:9      | Noticed a two-headed ogre
  7313 | D:9      | Reached skill level 5 in Evocations
  7315 | D:9      | Killed a two-headed ogre
  7317 | D:9      | Reached XP level 11. HP: 89/99 MP: 14/16
  7441 | D:9      | Found an iron altar of Okawaru.
  7455 | D:9      | Reached skill level 10 in Fighting
  7603 | D:9      | Found a burning altar of Makhleb.
  7658 | D:9      | Found a staircase to the Lair.
  7668 | D:9      | Noticed a two-headed ogre
  7674 | D:9      | Killed a two-headed ogre
  7946 | D:9      | Found an ancient bone altar of Kikubaaqudgha.
  7946 | D:9      | Found a shadowy altar of Dithmenos.
  7947 | D:9      | Found a basalt altar of Yredelemnul.
  7999 | D:10     | Entered Level 10 of the Dungeon
  8222 | D:10     | Found a blossoming altar of Fedhas.
  8345 | D:10     | Identified the +4 ring mail "Beceano" {Str+4}
  8593 | D:11     | Noticed a brown ugly thing
  8604 | D:11     | Killed a brown ugly thing
  8718 | D:11     | Identified the +7 long sword of Sumifol {venom, rPois}
  8944 | D:11     | Found a staircase to the Orcish Mines.
  8969 | D:11     | Reached *** piety under Beogh
  9197 | D:11     | Noticed a green ugly thing
  9207 | D:11     | Killed a green ugly thing
  9236 | D:11     | Reached skill level 10 in Shields
  9542 | D:11     | Reached skill level 11 in Fighting
  9547 | D:11     | Reached skill level 5 in Dodging
 10300 | D:12     | Noticed a deep elf pyromancer
 10307 | D:12     | Killed a deep elf pyromancer
 10308 | D:12     | Reached XP level 12. HP: 92/110 MP: 18/18
 11818 | D:13     | Reached **** piety under Beogh
 11861 | D:13     | Noticed Snorg
 11878 | D:13     | Mangled by Snorg

Illustrated notes

Levels and vault maps discovered:
D:1:      minmay_arrival_arboretum_small, layout_basic
D:2:      layout_loops_corners, serial_shops, shop
D:3:      layout_basic, nicolae_uskayaw_murder_on_the_dancefloor, uniq_grinder
D:4:      layout_loops_ring, kennysheep_little_box, minmay_quadrilaterals
D:5:      layout_loops_ring, mainiacjoe_overflow_surrounded_room,
          temple_fountains, serial_shops, nicolae_shop_peninsula, uniq_pikel
D:6:      layout_cave_pools, old_standard_altar, mainiacjoe_overflow_catwalk,
          chequers_serial_rivers_room_b, chequers_arboretum,
          uniq_crazy_yiuf_cottage, uniq_prince_ribbit1
D:7:      layout_rooms
D:8:      layout_basic, regret_index_xom_of_box,
          nicolae_gozag_zags_fifth_avenue, nicolae_sif_muna_condensation,
          serial_shops, nicolae_stop_n_shop_1, uniq_joseph
D:9:      layout_basic, mainiacjoe_overflow_two_lobes,
          chequers_temple_overflow_statue_of_worship, dpeg_oklobed_lair
D:10:     layout_cave_pools, mainiacjoe_overflow_boulevard
D:11:     layout_loops_ring, kennysheep_orc_monster_closet_entryway,
          nicolae_concentric_dashed_squares_mild
D:12:     layout_stronghold
D:13:     layout_small_grid, lightli_vaults_fourway_checkpoint, serial_shops,
          bzr_entry_safe, nicolae_ru_the_path_less_chosen, uniq_snorg
Temple:   nicolae_temple_superstar

Skill      XL: |  1  2  3  4  5  6  7  8  9 10 11 |
---------------+----------------------------------+-----
Fighting       | 4 5 6 7 8 9 11 | 11.6
Axes           | 3 4 5 6 7 9 |  9.4
Invocations    | 1 2 3 4 5 6 8 |  8.5
Evocations     | 1 2 3 4 5 6 |  6.5
Shields        | 4 5 6 7 9 10 | 10.7
Armour         | 4 5 6 7 |  7.9
Dodging        | 1 2 3 4 5 |  5.3

Action                     |  1- 3 |  4- 6 |  7- 9 | 10-12 || total
---------------------------+-------+-------+-------+-------++-------
  Melee: War axe           |    91 |   141 |   226 |   394 ||   852
 Invoke: Convert to Beogh  |       |       |     1 |       ||     1
  Evoke: Wand              |       |       |    11 |    16 ||    27
    Use: Potion            |       |     3 |     9 |     3 ||    15
         Scroll            |       |       |    14 |     6 ||    20
   Stab: Paralysed         |       |       |    22 |       ||    22
         Invisible         |       |       |     2 |     3 ||     5
         Distracted        |       |       |       |     1 ||     1
 Armour: Scale mail        |    58 |   102 |       |       ||   160
         Skin              |       |     2 |     4 |       ||     6
         Pearl dragon scal |       |       |   210 |   320 ||   530
  Dodge: Dodged            |    46 |    81 |   116 |   180 ||   423
  Block: Buckler           |    26 |    33 |    70 |    56 ||   185
         Kite shield       |       |       |       |   168 ||   168

Table legend: (Time is in decaauts)
 A = Elapsed time spent in this place.
 B = Non-inter-level travel time spent in this place.
 C = Inter-level travel time spent in this place.
 D = Time resting spent in this place.
 E = Time spent auto-exploring this place.
 F = Levels seen in this place.
 G = Mean time per level.
                   A        B        C        D        E       F      G
               +--------+--------+--------+--------+--------+-----+--------+
         Total |  12074 |  11521 |    553 |    767 |   8189 |  14 |  862.4 |
       Dungeon |  12001 |  11463 |    538 |    767 |   8189 |  13 |  923.2 |
        Temple |     72 |     57 |     15 |      0 |      0 |   1 |   72.0 |
               +--------+--------+--------+--------+--------+-----+--------+

Top non-repeatable levels by time:
    D:12: 1749 daAuts
    D:11: 1361 daAuts
     D:3: 1197 daAuts
     D:6: 1109 daAuts
     D:5: 942 daAuts
     D:4: 913 daAuts
     D:2: 876 daAuts
     D:7: 848 daAuts
     D:8: 839 daAuts
     D:9: 764 daAuts
     D:1: 718 daAuts
    D:10: 613 daAuts
  Temple: 72 daAuts
    D:13: 67 daAuts
